 Dungeon Crawl Stone Soup version 0.23-a0-704-g7fdf9c5 (console) character file.

35 Jenz the Sneak (level 3, 0/27 HPs)
             Began as a Vampire Assassin on Jan 12, 2019.
             Slain by a goblin
             ... wielding a +0 club
             ... led by Robin
              (6 damage)
             ... on level 2 of the Dungeon on Jan 14, 2019.
             The game lasted 00:12:55 (1340 turns).

Jenz the Sneak (Vampire Assassin)                   Turns: 1340, Time: 00:12:55

Health: 0/27       AC:  0    Str: 10    XL:     3   Next: 16%
Magic:  1/3        EV: 19    Int: 13    God:
Gold:   29         SH:  0    Dex: 21    Spells: 2/2 levels left

rFire    . . .     SeeInvis +   (weapon currently unavailable)
rCold    + . .     Gourm    .   (shield currently unavailable)
rNeg     + + .     Faith    .   (armour currently unavailable)
rPois    +         Spirit   .   (helmet currently unavailable)
rElec    .         Reflect  .   (cloak currently unavailable)
rCorr    .         Harm     .   (gloves currently unavailable)
MR       .....                  (boots currently unavailable)
Stlth    ++++++....             (no amulet)
HPRegen  0.04/turn              (ring currently unavailable)
MPRegen  0.08/turn              (ring currently unavailable)

@: bat-form, flying, regenerating slowly, very quick
A: tiny, fangs 3, see invisible
a: End Transformation


You were on level 2 of the Dungeon.
You were very thirsty.
You were in vampire-bat-form.
You visited 1 branch of the dungeon, and saw 2 of its levels.

You collected 29 gold pieces.

Inventory:

Hand Weapons
 a - a +3 dagger (melded)
 b - a +0 blowgun
Missiles
 e - 11 poisoned needles
 f - 2 curare-tipped needles
Armour
 d - a +0 cloak (melded)
 n - a +0 robe (melded)
Scrolls
 h - a scroll of remove curse
Potions
 g - 9 potions of blood
 i - a potion of degeneration {unknown}
 k - 2 potions of curing {unknown}
 l - a potion of heal wounds


   Skills:
 + Level 2.1 Fighting
 + Level 2.3 Short Blades
 + Level 1.6 Throwing
 + Level 1.4 Dodging
 + Level 7.0 Stealth


You had 2 spell levels left.
You didn't know any spells.
Your spell library was empty.

Dungeon Overview and Level Annotations

Branches:
Dungeon (2/15)

Altars:

Annotations:
D:2 Robin


Innate Abilities, Weirdness & Mutations

You heal slowly.
You have razor-sharp teeth.
You have supernaturally acute eyesight. (SInv)
((You can survive without breathing.))


Message History

The goblin is severely wounded.
The goblin closely misses you.
You puncture the goblin!
You kill the goblin!
Robin throws the goblin at you! The goblin hits you with a +0 club.
The goblin barely misses you.
Things that are here:
a +0 club; a +0 robe Robin throws the goblin at you!
The goblin hits you.
* * * LOW HITPOINT WARNING * * *
You hit the goblin.
You kill the goblin!
Robin throws the goblin at you! The goblin hits you but does no damage.
The goblin hits you with a +0 dagger.
* * * LOW HITPOINT WARNING * * *
You turn into a vampire bat.
Your +3 dagger melds into your body.
Your +0 cloak melds into your body.
Your +0 robe melds into your body.
Robin laughs in a distinctly smug fashion.
The goblin closely misses you. The goblin barely misses you.
You hit the goblin.
The goblin is moderately wounded.
The goblin hits you with a +0 club.
You die...

### ..# ...
#.#########
#.#.gggbg.#
#.#.#####.#
#...##<##.#
#...##.##.#
#.#g##†##.#
#..#.#
#.#g##....#
..#.#
#.#.#######
....#
#.#g......
...#.#....###
#..#....#...#
#..####.#.###


You could see Robin and 3 goblins.

Vanquished Creatures
  An ooze (D:1)
  A worm (D:2)
  A dart slug (D:1)
  2 giant cockroaches
  A hobgoblin (D:1)
  2 jackals (D:1)
  5 bats
  A frilled lizard (D:1)
  4 goblins
  2 kobolds
  5 rats
25 creatures vanquished.

Notes
Turn   | Place    | Note
-------+----------+-------------------------------------------
     0 | D:1      | Jenz the Vampire Assassin began the quest for the Orb.
     0 | D:1      | Reached XP level 1. HP: 16/16 MP: 1/1
   137 | D:1      | Reached skill level 6 in Stealth
   375 | D:1      | Reached XP level 2. HP: 17/22 MP: 2/2
   731 | D:1      | Upgraded the game from 0.23-a0-701-gd76f34b to
                  | 0.23-a0-704-g7fdf9c5
  1088 | D:2      | Reached XP level 3. HP: 19/27 MP: 3/3
  1101 | D:2      | Noticed Robin
  1309 | D:2      | Reached skill level 7 in Stealth
  1340 | D:2      | Slain by a goblin

Vault maps used:
D:1:      kennysheep_arrival_forest, hangedman_decor_riveting
D:2:      minmay_pentomino_o2, uniq_robin, uniq_crazy_yiuf_cottage

Skill      XL: |  1  2  3 |
---------------+----------+-----
Stealth        | 6 7 |  7.0
Fighting       | 2 |  2.1
Short Blades   | |  2.3
Throwing       | |  1.6
Dodging        | |  1.4

Action                   || total
-------------------------++-------
Melee: Dagger            ||    95
       Bite              ||    10
       Unarmed           ||     1
 Abil: Bat Form          ||     2
       End Transformatio ||     1
  Use: Scroll            ||     5
 Stab: Sleeping          ||     2
Armor: Robe              ||    28
Dodge: Dodged            ||    67

Table legend:
 A = Non-vault XP
 B = Vault XP
 C = Vault XP percentage of total XP
 D = Non-vault monster count
 E = Vault monster count
 F = Vault count percentage of total count
                 A         B        C        D         E       F
            +---------+---------+-------+---------+---------+-------
      Total |      42 |       8 |  16.0 |      21 |       4 |  16.0
            +---------+---------+-------+---------+---------+-------
        D:1 |      33 |       0 |   0.0 |      17 |       0 |   0.0
        D:2 |       9 |       8 |  47.1 |       4 |       4 |  50.0
            +---------+---------+-------+---------+---------+-------
